 Dungeon Crawl Stone Soup version 0.32-a0-306-gfed3edf829 (webtiles) character file.

Game seed: 4679862663221821454

1250 Firecrotchwizard the Cleaver (level 8, -8/70 HPs)
             Began as a Mountain Dwarf Fighter on Feb 15, 2024.
             Was a Follower of Beogh.
             Succumbed to an orc warrior's poison
             ... on level 6 of the Dungeon.
             The game lasted 00:11:13 (5170 turns).

Firecrotchwizard the Cleaver (MDFi)                 Turns: 5170, Time: 00:11:13

Health: -8/70      AC: 10    Str: 27    XL:     8   Next: 26%
Magic:  9/9        EV:  8    Int:  9    God:    Beogh [*.....]
Gold:   223        SH:  4    Dex:  9    Spells: 7/7 levels left

rFire   . . .        a - +1 war axe
rCold   . . .        c - +0 buckler
rNeg    . . .        l - +0 chain mail
rPois   .            (no helmet)
rElec   .            (no cloak)
rCorr   +            (no gloves)
SInv    .            (no boots)
Will    .....        (no amulet) Stlth
                     f - +6 ring of strength
HPRegen 0.31/turn    p - ring of resist corrosion
MPRegen 0.11/turn

%: no passive effects
@: mighty, lethally poisoned (-8 -> -49)
A: runic magic, artefact enchanting
a: Renounce Religion


You were on level 6 of the Dungeon.
You worshipped Beogh.
Beogh was aware of your devotion.
You visited 1 branch of the dungeon, and saw 6 of its levels.

You collected 223 gold pieces.

Inventory:

Hand Weapons
 a - a +1 war axe (weapon)
Missiles
 x - 9 poisoned darts (quivered)
Armour
 b - a +0 scale mail
 c - a +0 buckler (worn)
 l - a +0 chain mail (worn)
Jewellery
 f - a +6 ring of strength (left hand)
 j - a +6 ring of dexterity
 p - a ring of resist corrosion (right hand)
Wands
 m - a wand of digging (6)
 q - a wand of polymorph (5)
Scrolls
 i - 3 scrolls of identify
 t - 2 scrolls of teleportation
Potions
 d - a potion of might
 e - a potion of ambrosia {unknown}
 g - a potion of curing
 h - a potion of lignification {unknown}
 k - a potion of invisibility {unknown}
 n - a potion of haste {unknown}
 o - a potion of enlightenment {unknown}
 s - a potion of brilliance {unknown}
 v - a potion of attraction {unknown}


   Skills:
 + Level 6.1 Fighting
 * Level 8.4 Axes
 + Level 6.1 Armour
 - Level 4.1 Shields
 + Level 2.1 Invocations


You had 7 spell levels left.
You didn't know any spells.
Your spell library contained the following spells:

 Spells                   Type           Power      Damage    Failure   Level
 Blink                    Tloc           0%         N/A       71%         2
 Lesser Beckoning         Tloc           0%         N/A       71%         2
 Momentum Strike          Conj/Tloc      0%         3d8       71%         2
 Tukima's Dance           Hex            0%         N/A       90%         3
 Volatile Blastmotes      Fire/Tloc      0%         2d10      90%         3
 Fulminant Prism          Conj/Alch      0%         3d5       100%        4
 Iskenderun's Mystic Bla  Conj/Tloc      0%         2d3       100%        4
 Passage of Golubria      Tloc           0%         N/A       100%        4
 Yara's Violent Unravell  Hex/Alch       0%         3d3       100%        5


Dungeon Overview and Level Annotations

Branches:
Dungeon (6/15)             Temple (0/1) D:5

Altars:
Makhleb
Vehumet


Innate Abilities, Weirdness & Mutations

Your spellcasting is much less encumbered by armour.
You can use scrolls of enchantment on lesser artefacts.


Message History

The kobold is moderately wounded.
You feel sick. The kobold hits you with a +0 club.
You slash the kobold!
You kill the kobold!
Beogh accepts your kill.
You feel sick.
You feel sick.
Things that are here:
a +0 club; a kobold corpse You start resting.
You feel sick.
You are no longer poisoned.
You start resting.
HP restored.
Your movement speed is average.
Your attack delay is about 1.1.
Your damage rating with your +1 war axe is about 21 (Base 11 x 142% (Str) x 127% (Skill) + 1 (Ench)).
Your base attributes are Str 21, Int 9, Dex 9.
x - 9 poisoned darts (gained 4)
Things that are here:
a +1 whip of venom; a kobold corpse An orc warrior comes into view.
It is wielding a +2 trident of venom.
The orc warrior shouts!
The orc warrior unwields a +2 trident of venom.
It stops dripping with poison.
The orc warrior wields a +0 orcbow.
The orc warrior shoots an arrow.
The arrow hits you!
You start resting.
An orc warrior is nearby!
The orc falls on its knees before you.
It shouts, "Surely Beogh must have sent you!"
An orc comes into view. It is wielding a +0 whip.
The orc warrior shoots an arrow.
The arrow hits you.
You see here a lumpy white potion.
The orc warrior unwields a +0 orcbow.
The orc warrior wields a +2 trident of venom.
It begins to drip with poison!
You block the orc warrior's attack.
You barely miss the orc warrior.
The orc warrior hits you with a +2 trident of venom!
You are poisoned.
You hit the orc warrior.
The orc warrior is lightly wounded.
You feel very sick. You block the orc warrior's attack.
You feel very mighty all of a sudden.
You feel very sick.
The orc warrior hits you with a +2 trident of venom.
You are more poisoned.
You closely miss the orc warrior.
The orc warrior is lightly wounded.
You feel very sick. The orc warrior barely misses you.
You slash the orc warrior!
The orc warrior is heavily wounded.
You feel very sick.
The orc warrior hits you with a +2 trident of venom!
* * * LOW HITPOINT WARNING * * *
You are lethally poisoned!
You closely miss the orc warrior.
The orc warrior is heavily wounded.
* * * LOW HITPOINT WARNING * * *
You feel extremely sick. The orc warrior barely misses you.
The orc warrior hits you with a +2 trident of venom!
* * * LOW HITPOINT WARNING * * *
You are more poisoned.
You feel much better.
You feel extremely sick. The orc warrior barely misses you.
You feel much better.
You feel very sick.
The orc warrior hits you with a +2 trident of venom.
You feel better.
The orc warrior hits you with a +2 trident of venom!
You are poisoned.
You closely miss the orc warrior.
The orc warrior is heavily wounded.
You feel very sick.
The orc warrior hits you with a +2 trident of venom.
You barely miss the orc warrior.
The orc warrior is heavily wounded.
You feel very sick.
The orc warrior hits you with a +2 trident of venom!
* * * LOW HITPOINT WARNING * * *
You are more poisoned.
You hit the orc warrior.
The orc warrior is severely wounded.
* * * LOW HITPOINT WARNING * * *
You feel very sick.
The orc warrior hits you with a +2 trident of venom!
* * * LOW HITPOINT WARNING * * *
You are more poisoned.
You slash the orc warrior!
The orc warrior is almost dead.
* * * LOW HITPOINT WARNING * * *
You feel extremely sick.
The orc warrior hits you with a +2 trident of venom!
* * * LOW HITPOINT WARNING * * *
You are more poisoned.
You slash the orc warrior!
You kill the orc warrior!
Beogh accepts your kill.
You die...

### #.# ..# #.#
#.# #.##### #.#
#)#... #.###)#.#
####
#....)..##...#
##..).......# #
####....##!..##
#.#....###@..# #
#).....##.)###
#######......##..#
.#....###........#
........#...#..#.#
#..####.#.........
##...##.....#.....
##...###....#..#.#
###.........#....


There were no monsters in sight!

Vanquished Creatures
  Grinder (D:4)
  A water moccasin (D:5)
  An orc warrior (D:6)
  3 ogres
  A kobold brigand (D:6)
  A phantom (D:5)
  A crimson imp (D:5)
  5 hounds
  A jelly (D:6)
  An iguana (D:5)
  4 gnolls (D:2)
  8 adders
  A shadow imp (D:5)
  A white imp (D:5)
  2 ufetubi
  3 dart slugs
  A ribbon worm (D:2)
  3 orcs
  7 endoplasms
  5 giant cockroaches
  2 hobgoblins
  5 jackals
  8 quokkas
  6 ball pythons
  3 bats
  5 frilled lizards
  6 goblins
  8 kobolds
  8 rats
102 creatures vanquished.

Vanquished Creatures (others)
  An adder (D:6)
  A shadow imp (D:6)
  An ufetubus (D:6)
  An orc (D:3)
4 creatures vanquished.

Grand Total: 106 creatures vanquished

Notes
Turn   | Place    | Note
-------+----------+-------------------------------------------
     0 | D:1      | Firecrotchwizard the Mountain Dwarf Fighter began the quest
                  | for the Orb.
     0 | D:1      | Reached XP level 1. HP: 19/19 MP: 1/1
    89 | D:1      | Reached XP level 2. HP: 24/26 MP: 2/2
   129 | D:1      | Reached skill level 3 in Axes
   246 | D:1      | Reached XP level 3. HP: 24/31 MP: 3/3
   473 | D:2      | Found a faded altar of an unknown god.
   757 | D:2      | Reached XP level 4. HP: 40/40 MP: 4/4
   988 | D:2      | Reached skill level 4 in Axes
  1541 | D:2      | Reached XP level 5. HP: 46/46 MP: 5/5
  2084 | D:3      | Became a worshipper of Beogh the Shepherd
  2304 | D:4      | Noticed Grinder
  2315 | D:4      | Killed Grinder
  2316 | D:4      | Reached skill level 5 in Axes
  2316 | D:4      | Reached XP level 6. HP: 9/53 MP: 6/6
  2586 | D:4      | Reached skill level 6 in Axes
  3228 | D:5      | Entered Level 5 of the Dungeon
  3379 | D:5      | Reached skill level 5 in Fighting
  3450 | D:5      | Reached skill level 5 in Armour
  3639 | D:5      | Reached XP level 7. HP: 37/61 MP: 7/7
  3760 | D:5      | Found a radiant altar of Vehumet.
  3774 | D:5      | Reached skill level 7 in Axes
  3778 | D:5      | Found a burning altar of Makhleb.
  4171 | D:5      | Found a staircase to the Ecumenical Temple.
  4636 | D:6      | Reached skill level 8 in Axes
  4636 | D:6      | Reached skill level 1 in Invocations
  4636 | D:6      | Reached XP level 8. HP: 59/70 MP: 8/8
  4773 | D:6      | Reached * piety under Beogh
  5169 | D:6      | HP: 1/70 [orc warrior/+2 trident of venom (9)]
  5170 | D:6      | Succumbed to an orc warrior's poison

Illustrated notes

Levels and vault maps discovered:
D:1:      tarquinn_simple_flora_water_a, layout_basic, serial_glass,
          glass_columns_c, glass_columns_b
D:2:      minmay_evil_eye, layout_rooms, basic_ecumenical_altar, minivault_23,
          minmay_misc_feat_pillars, chequers_avenue, minivault_14
D:3:      layout_loops_cross, minmay_between
D:4:      layout_cave_pods, uniq_grinder
D:5:      layout_basic, grunt_temple_overflow_lords_of_destruction,
          minmay_temple_entry_gardened_gates
D:6:      layout_rooms, mainiacjoe_overflow_alcove_2

Skill      XL: |  1  2  3  4  5  6  7  8 |
---------------+-------------------------+-----
Axes           | 3 4 5 6 8 |  8.4
Shields        | 4 |  4.1
Fighting       | 4 5 6 |  6.1
Armour         | 4 5 6 |  6.1
Invocations    | 1 2 |  2.1

Action                     |  1- 3 |  4- 6 |  7- 9 || total
---------------------------+-------+-------+-------++-------
  Melee: War axe           |    97 |   145 |   123 ||   365
 Invoke: Convert to Beogh  |       |     1 |       ||     1
  Evoke: Wand              |       |       |     1 ||     1
    Use: Potion            |       |     1 |     6 ||     7
         Scroll            |       |    10 |       ||    10
 Armour: Scale mail        |    70 |    93 |    46 ||   209
         Chain mail        |       |       |    59 ||    59
  Dodge: Dodged            |    43 |    60 |    53 ||   156
  Block: Buckler           |    25 |    36 |    25 ||    86

Table legend: (Time is in decaauts)
 A = Elapsed time spent in this place.
 B = Non-inter-level travel time spent in this place.
 C = Inter-level travel time spent in this place.
 D = Time resting spent in this place.
 E = Time spent auto-exploring this place.
 F = Levels seen in this place.
 G = Mean time per level.
                   A        B        C        D        E       F      G
               +--------+--------+--------+--------+--------+-----+--------+
         Total |   5257 |   5119 |    138 |   1538 |   2738 |   6 |  876.2 |
       Dungeon |   5257 |   5119 |    138 |   1538 |   2738 |   6 |  876.2 |
               +--------+--------+--------+--------+--------+-----+--------+

Top non-repeatable levels by time:
     D:5: 1402 daAuts
     D:2: 1195 daAuts
     D:4: 1025 daAuts
     D:3: 593 daAuts
     D:6: 548 daAuts
     D:1: 493 daAuts
